 Dungeon Crawl Stone Soup version 0.28-a0-793-g31680bbd8b (webtiles) character file.

Game seed: 7591385929731596767

29 ytrimaz the Skirmisher (level 3, 0/29 HPs)
             Began as a Demonspawn Fighter on Nov 3, 2021.
             Slain by a gnoll (1 damage)
             ... on level 1 of the Dungeon.
             The game lasted 00:01:30 (1588 turns).

ytrimaz the Skirmisher (Demonspawn Fighter)         Turns: 1588, Time: 00:01:31

Health: 0/29       AC:  9    Str: 15 (17) XL:     3   Next: 1%
Magic:  3/3        EV:  9    Int:  7 (9)  God:
Gold:   43         SH:  4    Dex: 11 (12) Spells: 2/2 levels left

rFire   . . .      SeeInvis .   (no weapon)
rCold   . . .      Faith    .   c - +0 buckler
rNeg    . . .      Spirit   .   b - +0 scale mail
rPois   .          Reflect  .   (no helmet)
rElec   .          Harm     .   h - +0 cloak
rCorr   .          Rampage  .   (no gloves)
Will    +....                   (no boots)
Stlth   ..........              (no amulet)
HPRegen 0.09/turn               f - ring of willpower
MPRegen 0.08/turn               (no ring)

@: no status effects
A: claws 1, molten scales 1
a: no special abilities


You were on level 1 of the Dungeon.
You visited 1 branch of the dungeon, and saw 2 of its levels.

You collected 43 gold pieces.

Inventory:

Hand Weapons
 a - a +0 rapier
Armour
 b - a +0 scale mail (worn)
 c - a +0 buckler (worn)
 h - a +0 cloak (worn)
Jewellery
 f - a ring of willpower (left claw)
Potions
 d - a potion of might
 g - a potion of attraction {unknown}
 j - a potion of curing {unknown}
 k - a potion of haste {unknown}


   Skills:
 + Level 3.2 Fighting
 - Level 2.2 Short Blades
 + Level 3.0 Armour
 * Level 0.7 Dodging
 + Level 2.8 Shields


You had 2 spell levels left.
You didn't know any spells.
Your spell library contained the following spells:

 Spells                   Type           Power      Damage    Failure   Level
 Ensorcelled Hibernation  Hex/Ice        0%         N/A       97%         2
 Spider Form              Tmut/Pois      0%         N/A       99%         3


Dungeon Overview and Level Annotations

Branches:
Dungeon (2/15)

Altars:


Innate Abilities, Weirdness & Mutations

You have sharp fingernails.
You are partially covered in molten scales. (AC +2)


Message History

The kobold shouts!
You scratch the gnoll but do no damage.
You hear an angry hiss.
The gnoll barely misses you.
You scratch the gnoll.
The gnoll is lightly wounded.
The gnoll hits you with a +0 flail! The kobold hits you but does no damage.
You closely miss the gnoll.
The gnoll is lightly wounded.
The gnoll closely misses you. The kobold hits you but does no damage.
Unknown command.
The kobold closely misses you. The kobold hits you with a +0 dagger.
The gnoll hits you with a +0 flail!
There is a stone staircase leading down here.
You see here a +0 dagger.
The gnoll barely misses you.
There is a stone staircase leading up here.
The gnoll barely misses you.
You climb upwards.
There is a stone staircase leading down here.
You barely miss the gnoll.
The gnoll is lightly wounded.
The gnoll hits you with a +0 flail!
* * * LOW HITPOINT WARNING * * *
You scratch the gnoll.
The gnoll is moderately wounded.
You block the gnoll's attack.
You barely miss the gnoll.
The gnoll is moderately wounded.
The gnoll completely misses you.
You scratch the gnoll but do no damage.
The gnoll is moderately wounded.
The gnoll hits you with a +0 flail.
* * * LOW HITPOINT WARNING * * *
It was a potion of degeneration.
There was something very wrong with that liquid.
You feel weakened.
You feel dopey.
You feel clumsy. The gnoll hits you with a +0 flail.
You die...

############# #...........#
##### #.#########.####### #....
#.# #####.......# #.... #.#
#.......###.#########....
##.#####......g@................
#.....##........####..).....>...
#####.###'###'#.####........####
#.# #.###.#.#...........# #.#
#.#...#.#.###.......#
#.###.#.###.....'.......##
#.....#.#####.###........#
#######.#.....#.....#....#
#.#.##..#.###.#....#


You could see a gnoll.

Vanquished Creatures
  A ball python (D:1)
  3 bats (D:1)
  5 endoplasms
  4 hobgoblins (D:1)
  4 frilled lizards
  A goblin (D:1)
  6 kobolds
  4 rats
28 creatures vanquished.

Vanquished Creatures (others)
  A fungus (D:2)
1 creature vanquished.

Grand Total: 29 creatures vanquished

Notes
Turn   | Place    | Note
-------+----------+-------------------------------------------
     0 | D:1      | ytrimaz the Demonspawn Fighter began the quest for the Orb.
     0 | D:1      | Reached XP level 1. HP: 18/18 MP: 1/1
   489 | D:1      | Gained mutation: You are partially covered in molten
                  | scales. (AC +2) [demonic ancestry]
   489 | D:1      | Reached XP level 2. HP: 24/24 MP: 2/2
  1496 | D:2      | Gained mutation: You have sharp fingernails. [demonic
                  | ancestry]
  1496 | D:2      | Reached XP level 3. HP: 29/29 MP: 3/3
  1587 | D:1      | HP: 1/29 [gnoll (6)]
  1588 | D:1      | Slain by a gnoll

Illustrated notes

Levels and vault maps discovered:
D:1:      dpeg_arrival_rhombi, layout_basic, corner_web_ring, kennysheep_boxes
D:2:      layout_basic, shapermc_ecumenical_altar_acropolis, minmay_tromino_v4_b

Skill      XL: |  1  2 |
---------------+-------+-----
Short Blades   | 2 |  2.2
Armour         | 3 |  3.0
Fighting       | |  3.2
Dodging        | |  0.7
Shields        | |  2.8

Action                   || total
-------------------------++-------
Melee: Rapier            ||    62
       Short sword       ||    12
       Unarmed           ||    10
  Use: Scroll            ||     1
       Potion            ||     1
Armor: Scale mail        ||    38
Dodge: Dodged            ||    36
Block: Buckler           ||    12

Table legend: (Time is in decaauts)
 A = Elapsed time spent in this place.
 B = Non-inter-level travel time spent in this place.
 C = Inter-level travel time spent in this place.
 D = Time resting spent in this place.
 E = Time spent auto-exploring this place.
 F = Levels seen in this place.
 G = Mean time per level.
                   A        B        C        D        E       F      G
               +--------+--------+--------+--------+--------+-----+--------+
         Total |   1622 |   1551 |     71 |      0 |   1306 |   2 |  811.0 |
       Dungeon |   1622 |   1551 |     71 |      0 |   1306 |   2 |  811.0 |
               +--------+--------+--------+--------+--------+-----+--------+

Top non-repeatable levels by time:
     D:1: 1469 daAuts
     D:2: 153 daAuts
